 Dungeon Crawl Stone Soup version 0.26-a0-812-g31a745ddcd (webtiles) character file.

Game seed: 4190173859163314711

61517 vurker the Gelid (level 15, -2/96 HPs)
             Began as a Kobold Ice Elementalist on Nov 15, 2020.
             Was a High Priest of Vehumet.
             Slain by a slime creature (6 damage)
             ... on level 12 of the Dungeon.
             The game lasted 00:48:40 (31963 turns).

vurker the Gelid (Kobold Ice Elementalist)         Turns: 31963, Time: 00:48:41

Health: -2/96      AC:  9    Str:  7    XL:     15   Next: 42%
Magic:  22/40      EV: 15    Int: 29    God:    Vehumet [*****.]
Gold:   2762       SH:  0    Dex: 16    Spells: 32/44 levels left

rFire    . . .     SeeInvis .   R - +6 Majin-Bo {vamp, MP+6 Int+6}
rCold    + . .     Faith    .   (shield currently unavailable)
rNeg     . . .     Spirit   .   D - +2 robe {rF+}
rPois    +         Reflect  .   I - +0 helmet
rElec    .         Harm     .   C - +0 cloak of Fonoruimuy {rPois rCorr Int+2}
rCorr    +         Rampage  .   w - +1 pair of gloves
MR       ++...                  N - +0 pair of boots
Stlth    +++.......             b - amulet of magic regeneration
HPRegen  0.26/turn              i - ring of protection from magic
MPRegen  0.52/turn              r - ring of ice

@: no status effects
A: small, nightstalker 3
a: Renounce Religion


You were on level 12 of the Dungeon.
You worshipped Vehumet.
Vehumet was extremely pleased with you.
You visited 4 branches of the dungeon, and saw 21 of its levels.

You collected 3169 gold pieces.
You spent 407 gold pieces at shops.

Inventory:

Hand Weapons
 e - the +5 war axe "Kaisack" {freeze, rElec rF+ rC+ MR- MP+9}
   (You took it off an orc on level 7 of the Dungeon)

   It has been specially enchanted to freeze those struck by it, causing extra
   injury to most foes and up to half again as much damage against particularly
   susceptible opponents.
   It can also slow down cold-blooded creatures.
   It protects you from fire.
   It protects you from cold.
   It insulates you from electricity.
   It affects your resistance to hostile enchantments.
   It affects your magic capacity (+9).
 R - the +6 Majin-Bo (weapon) {vamp, MP+6 Int+6}
   (You found it on level 6 of the Lair of Beasts)

   It inflicts no extra harm, but heals its wielder when it wounds a living foe.
   It affects your intelligence (+6).
   It affects your magic capacity (+6).
Missiles
 l - 5 throwing nets (quivered)
Armour
 n - a +2 robe of cold resistance
   (You took it off Jessica on level 2 of the Dungeon)
 q - a +2 robe of magic resistance
   (You took it off Erica on level 1 of the Lair of Beasts)
 w - a +1 pair of gloves (worn)
   (You found it on level 4 of the Dungeon)
 C - the +0 cloak of Fonoruimuy (worn) {rPois rCorr Int+2}
   (You bought it in a shop on level 2 of the Orcish Mines)

   It affects your intelligence (+2).
   It protects you from poison.
   It provides partial protection from all sources of acid and corrosion.
 D - a +2 robe of fire resistance (worn)
   (You took it off Pikel on level 7 of the Dungeon)
 I - a +0 helmet (worn)
   (You took it off Robin on level 4 of the Dungeon)
 N - a +0 pair of boots (worn)
   (You found it on level 4 of the Dungeon)
Jewellery
 b - an amulet of magic regeneration (around neck)
   (You found it on level 6 of the Lair of Beasts)
 f - an uncursed ring of wizardry
   (You found it on level 1 of the Dungeon)
 i - a ring of protection from magic (left hand)
   (You found it on level 1 of the Dungeon)
 r - a ring of ice (right hand)
   (You found it on level 3 of the Dungeon)
 y - an uncursed ring of positive energy
   (You found it on level 4 of the Dungeon)
 A - an uncursed ring of see invisible
   (You found it on level 4 of the Lair of Beasts)
 F - an uncursed ring of protection from cold
   (You took it off an orc on level 5 of the Dungeon)
Wands
 c - a wand of disintegration (13)
   (You found it on level 9 of the Dungeon)
 d - a wand of iceblast (4)
   (You took it off Harold on level 7 of the Dungeon)
 t - a wand of flame (34)
   (You found it on level 9 of the Dungeon)
 u - a wand of paralysis (17)
   (You took it off Ijyb on level 5 of the Dungeon)
 x - a wand of acid (26)
   (You found it on level 9 of the Dungeon)
 E - a wand of polymorph (42)
   (You found it on level 5 of the Dungeon)
 L - a wand of enslavement (23)
   (You took it off Maurice on level 8 of the Dungeon)
Scrolls
 j - 2 scrolls of immolation
 o - 5 scrolls of remove curse
 z - 8 scrolls of identify
 K - a scroll of fog
 M - 6 scrolls of teleportation
 O - 5 scrolls of enchant armour
 Q - 4 scrolls of magic mapping
 S - 2 scrolls of amnesia
Potions
 a - 11 potions of curing
 g - 3 potions of haste
 h - 2 potions of attraction
 k - 7 potions of heal wounds
 m - 3 potions of flight
 p - a potion of mutation
 s - 4 potions of resistance
 v - 3 potions of lignification
 B - 3 potions of invisibility
 J - 3 potions of magic
 P - 3 potions of brilliance
Miscellaneous
 U - a condenser vane (inert)
   (You found it on level 11 of the Dungeon)


   Skills:
 + Level 12.0 Fighting
 - Level 2.4 Dodging
 - Level 2.6 Stealth
   Level 5.6 Shields
 * Level 15.3 Spellcasting
 - Level 3.0 Conjurations
 - Level 3.0 Summonings
 * Level 15.5 Ice Magic


You had 32 spell levels left.
You knew the following spells:

 Your Spells              Type           Power        Failure   Level
a - Freeze                Ice            ####         0%          1
b - Frozen Ramparts       Ice            ######       0%          3
c - Hailstorm             Conj/Ice       #######.     1%          4
d - Summon Ice Beast      Ice/Summ       #######.     1%          4

Your spell library contained the following spells:

 Spells                   Type           Power        Failure   Level
 Freezing Cloud           Conj/Ice/Air   ######....   7%          6
 Ozocubu's Armour         Ice            ########     0%          3
 Inner Flame              Hex/Fire       ###.....     1%          3
 Corona                   Hex            ###....      2%          1
 Slow                     Hex            ###.....     3%          2
 Portal Projectile        Hex/Tloc       ###...       7%          3
 Cause Fear               Hex            ###.......   22%         4
 Leda's Liquefaction      Hex/Erth       ###.......   22%         4


Dungeon Overview and Level Annotations

Branches:
Dungeon (12/15)            Temple (1/1) D:6            Lair (6/6) D:8
  Swamp (0/4) Lair:2       Spider (0/4) Lair:3        Slime (0/5) Lair:5
    Orc (2/2) D:10            Elf (0/3) Orc:2

Altars:
Ashenzari
Cheibriados
Dithmenos
Elyvilon
Fedhas
Gozag
Hepliaklqana
Kikubaaqudgha
Makhleb
Nemelex Xobeh
Okawaru
Qazlal
Ru
Trog
Uskayaw
Vehumet
Wu Jian
Xom
Yredelemnul
Zin
The Shining One

Shops:
D:4 =   D:8 ?   D:9 !   Orc:1 [   Orc:2 ==?}[

Annotations:
D:4 1 runed translucent door
Lair:3 exclusion: 2 oklob plants
Orc:1 2 transporters, p0werm0de's ghost, journeyman GrFi


Innate Abilities, Weirdness & Mutations

You are small and have problems with some larger weapons.
You are completely attuned to the shadows.


Message History

The hail pelts the eye of draining!!
You feel better.
You kill the eye of draining!
Vehumet accepts your kill.
You feel your power returning.
You feel a surge of power!
A cannonade of hail descends around you!
The hail pelts the red ugly thing!
You feel better.
The wall freezes the red ugly thing!
You can't see any susceptible monsters within range! (Use Z to cast anyway.)
Aim: a large slime creature (moderately wounded)
You feel a surge of power!
You freeze the large slime creature!
The wall freezes the large slime creature.
The large slime creature misses you.
You feel a surge of power!
A cannonade of hail descends around you!
The hail pelts the red ugly thing!!!
You kill the red ugly thing!
Vehumet accepts your kill.
You feel your power returning.
The wall freezes the large slime creature.
The large slime creature misses you.
Aim: a large slime creature (heavily wounded)
You feel a surge of power!
You freeze the large slime creature!
You feel better.
The wall freezes the large slime creature!
The large slime creature hits you!!
Aim: a large slime creature (severely wounded)
You feel a surge of power!
You freeze the large slime creature!
The wall freezes the large slime creature!
The large slime creature hits you!!
* * * LOW HITPOINT WARNING * * *
Aim: a large slime creature (severely wounded)
You feel a surge of power!
You freeze the large slime creature.
You feel better.
* * * LOW HITPOINT WARNING * * *
The wall freezes the large slime creature!
The large slime creature barely misses you.
Aim: a large slime creature (almost dead)
You feel a surge of power!
You freeze the large slime creature.
You feel better.
* * * LOW HITPOINT WARNING * * *
The frozen ramparts melt away.
The large slime creature hits you!!!
* * * LOW HITPOINT WARNING * * *
There is a fountain of clear blue water here.
There is a fountain of clear blue water here.
A large slime creature splits.
Clouds of poison gas condense around you!
The condenser dries out!
The slime creature hits you.
You die...

##........## #.# #
#####..........#######.###
.........⌠⌠.............'#
.........⌠⌠.............'.
#####...§§§....#######.###
##..§§§...## #.# #
#..§§§...# #.# #
+##§JJ.##+ #.# ##@.## #.#
#..# #..# #..# #..#


You could see 2 slime creatures.

Vanquished Creatures
  5 dire elephants (Lair:6)
  Erolcha (Orc:1)
  3 hydras
  An anaconda (Lair:6)
  Erica (Lair:1)
  10 two-headed ogres
  4 ogre magi (Orc:2)
  Urug (Orc:2)
  Pikel (D:7)
  2 orc knights (Orc:1)
  An ugly thing (D:12)
  3 oklob plants
  A manticore (D:12)
  A cyclops (D:11)
  3 centaur zombies
  Joseph (D:8)
  16 elephants
  3 black mambas
  Psyche (D:10)
  6 cane toads
  A gargoyle (D:10)
  Maurice (D:8)
  3 rime drakes
  7 komodo dragons
  A troll (Orc:1)
  Prince Ribbit (D:6)
  3 blink frogs (Lair:3)
  Sigmund (D:6)
  24 yaks
  2 wyverns
  A basilisk (Lair:1)
  4 vampire mosquitoes (D:12)
  A steam dragon (D:10)
  3 wargs (Orc:1)
  A swamp worm (Lair:2)
  7 water moccasins
  4 sky beasts
  A necrophage (D:8)
  23 orc warriors
  31 ogres
  An eye of draining (D:12)
  A phantom (D:9)
  8 wolves
  3 centaurs
  13 bullfrogs
  4 scorpions
  5 killer bees
  6 wights
  6 howler monkeys
  15 orc priests
  8 hounds
  19 orc wizards
  A jelly (D:6)
  2 bullfrog skeletons (D:8)
  Jessica (D:2)
  2 centaur skeletons (D:10)
  Ijyb (D:5)
  6 hell rats (Lair:5)
  9 worker ants
  A killer bee zombie (D:9)
  3 hound zombies
  2 hound skeletons
  Robin (D:4)
  5 gnolls
  A howler monkey skeleton (D:6)
  8 adders
  2 shadow imps (D:10)
  A white imp (D:10)
  2 ufetubi
  2 oozes
  2 adder zombies
  An adder skeleton (D:7)
  3 worms
  2 dart slugs
  3 leopard geckos
  89 orcs
  4 bats
  8 giant cockroaches
  12 goblins
  12 hobgoblins
  7 jackals
  7 quokkas
  5 ball pythons
  A frilled lizard (D:2)
  6 kobolds
  A leopard gecko skeleton (D:8)
  A quokka zombie (D:5)
  5 rats
493 creatures vanquished.

Vanquished Creatures (collateral kills)
  Gastronok (Lair:2)
  A dire elephant (Lair:6)
  Harold (D:7)
  A hydra (Lair:5)
  6 two-headed ogres
  13 elephants
  Maggie (D:7)
  A rime drake (Lair:2)
  2 cane toads (Lair:3)
  2 polar bears
  A tyrant leech (Lair:2)
  2 blink frogs (Lair:3)
  A wraith (D:6)
  9 yaks
  A water moccasin (Lair:5)
  2 ice beasts (D:5)
  An orc warrior (D:7)
  A black bear (D:6)
  2 centaurs
  An ogre (Orc:2)
  A bullfrog (Lair:2)
  A killer bee (D:7)
  A wyvern skeleton (D:7)
  3 wights
  2 howler monkeys (D:5)
  2 bullfrog zombies
  An orc wizard (D:7)
  A worker ant (D:6)
  A hell rat (Lair:5)
  A white imp (D:6)
  An adder skeleton (D:5)
  A dart slug (D:5)
  An orc (D:6)
67 creatures vanquished.

Vanquished Creatures (others)
  39 fungi
  89 plants
128 creatures vanquished.

Grand Total: 688 creatures vanquished

Notes
Turn   | Place    | Note
-------+----------+-------------------------------------------
     0 | D:1      | vurker the Kobold Ice Elementalist began the quest for the
                  | Orb.
     0 | D:1      | Reached XP level 1. HP: 10/10 MP: 3/3
    47 | D:1      | Reached XP level 2. HP: 8/16 MP: 0/5
   461 | D:1      | Reached XP level 3. HP: 20/20 MP: 4/7
   462 | D:1      | Reached skill level 1 in Fighting
  1218 | D:2      | Found an ornate altar of the Wu Jian Council.
  1219 | D:2      | Found a glowing golden altar of the Shining One.
  1234 | D:2      | Reached XP level 4. HP: 23/25 MP: 3/8
  1305 | D:2      | Noticed Jessica
  1306 | D:2      | Found a hide-covered altar of Uskayaw.
  1313 | D:2      | Killed Jessica
  1426 | D:2      | Reached skill level 5 in Ice Magic
  1426 | D:2      | Reached XP level 5. HP: 27/30 MP: 6/10
  1431 | D:2      | Learned a level 3 spell: Frozen Ramparts
  1436 | D:2      | Learned a level 4 spell: Hailstorm
  1944 | D:2      | Noticed an ogre
  1961 | D:2      | Killed an ogre
  1961 | D:2      | Reached skill level 1 in Conjurations
  1961 | D:2      | Reached XP level 6. HP: 36/36 MP: 5/12
  1967 | D:2      | Learned a level 4 spell: Summon Ice Beast
  2429 | D:3      | Found a white marble altar of Elyvilon.
  2529 | D:3      | You fall into a shaft and drop 2 floors!
  2529 | D:5      | Entered Level 5 of the Dungeon
  2573 | D:5      | Noticed Ijyb
  2575 | D:5      | Noticed an ice beast
  2598 | D:5      | Killed an ice beast
  2611 | D:5      | Reached skill level 1 in Summonings
  2648 | D:4      | Reached XP level 7. HP: 36/40 MP: 5/13
  2808 | D:4      | Found a runed translucent door.
  2991 | D:3      | You fall into a shaft and drop 2 floors!
  2995 | D:5      | Found a stormy altar of Qazlal.
  2995 | D:5      | Noticed a water elemental
  2995 | D:5      | Noticed a fire elemental
  3056 | D:5      | Noticed an air elemental
  3171 | D:5      | Reached XP level 8. HP: 46/46 MP: 2/15
  3891 | D:4      | Noticed Robin
  3896 | D:4      | Killed Robin
  3896 | D:4      | Reached skill level 5 in Spellcasting
  4081 | D:4      | Found a hazy altar of Hepliaklqana.
  4202 | D:4      | Found Xaniehut's Jewellery Boutique.
  4581 | D:5      | Killed Ijyb
  4964 | D:5      | Found an iron altar of Okawaru.
  5473 | D:6      | Noticed Prince Ribbit
  5801 | D:6      | Found a staircase to the Ecumenical Temple.
  5980 | Temple   | Entered the Ecumenical Temple
  6217 | Temple   | Became a worshipper of Vehumet
  6261 | D:6      | Reached XP level 9. HP: 52/52 MP: 3/18
  6891 | D:6      | Reached skill level 5 in Fighting
  6895 | D:6      | Killed Prince Ribbit
  7260 | D:6      | Noticed Sigmund
  7271 | D:6      | Killed Sigmund
  8204 | D:6      | Reached * piety under Vehumet
  8204 | D:6      | Offered knowledge of Sandblast by Vehumet.
  8717 | D:7      | Noticed Harold
  8725 | D:7      | Killed Harold
  8725 | D:7      | Reached XP level 10. HP: 60/60 MP: 1/22
  9146 | D:7      | Identified a scroll of acquirement
  9146 | D:7      | Acquired 533 gold pieces
  9245 | D:7      | Noticed Pikel
  9251 | D:7      | Killed Pikel
  9628 | D:7      | Identified the +5 war axe "Kaisack" {freeze, rElec rF+ rC+
                  | MR- MP+9}
  9638 | D:7      | Noticed Maggie
  9648 | D:7      | Killed Maggie
 10399 | D:8      | Found Nubora's Magic Scroll Shoppe.
 10404 | D:8      | Bought a scroll of fog for 26 gold pieces
 10404 | D:8      | Bought a scroll of teleportation for 39 gold pieces
 10607 | D:8      | Noticed Maurice
 10612 | D:8      | Killed Maurice
 10754 | D:8      | Noticed Joseph
 10762 | D:8      | Killed Joseph
 10882 | D:8      | Found a burning altar of Makhleb.
 10906 | D:8      | Noticed a cacodemon
 10907 | D:8      | Noticed a smoke demon
 10907 | D:8      | Noticed a smoke demon
 10914 | D:8      | Found a staircase to the Lair.
 11039 | D:8      | Reached XP level 11. HP: 57/66 MP: 20/24
 11283 | D:9      | Found a shimmering altar of Xom.
 11283 | D:9      | Found a shimmering altar of Xom.
 11311 | D:9      | Reached ** piety under Vehumet
 11316 | D:9      | Offered knowledge of Magic Dart by Vehumet.
 11423 | D:9      | Got a slimy dagger
 11428 | D:9      | Identified the +4 dagger of the Goat {venom, rC- rN+ MR-
                  | Dex+6} (You found it on level 9 of the Dungeon)
 11760 | D:9      | Noticed a two-headed ogre
 11798 | D:9      | Killed a two-headed ogre
 11798 | D:9      | Reached skill level 10 in Ice Magic
 12034 | D:9      | Noticed a two-headed ogre
 12041 | D:9      | Killed a two-headed ogre
 12306 | D:9      | Found Qolugg's Distillery.
 12615 | D:10     | Entered Level 10 of the Dungeon
 12836 | D:10     | Offered knowledge of Mephitic Cloud by Vehumet.
 12877 | D:10     | Reached skill level 5 in Shields
 12894 | D:10     | Noticed a two-headed ogre
 12900 | D:10     | Killed a two-headed ogre
 12900 | D:10     | Reached skill level 10 in Spellcasting
 13333 | D:10     | Reached *** piety under Vehumet
 13357 | D:10     | Found a staircase to the Orcish Mines.
 13402 | D:10     | Offered knowledge of Inner Flame by Vehumet.
 13958 | D:10     | Noticed Psyche
 13961 | D:10     | Killed Psyche
 14346 | D:10     | Reached **** piety under Vehumet
 14860 | D:11     | Noticed a two-headed ogre
 14866 | D:11     | Killed a two-headed ogre
 14866 | D:11     | Reached XP level 12. HP: 73/73 MP: 11/26
 15325 | D:11     | Noticed a two-headed ogre
 15331 | D:11     | Killed a two-headed ogre
 15331 | D:11     | Offered knowledge of Yara's Violent Unravelling by Vehumet.
 15919 | Lair:1   | Entered Level 1 of the Lair of Beasts
 16815 | Lair:1   | Noticed Erica
 16824 | Lair:1   | Killed Erica
 18001 | Lair:2   | Noticed Gastronok
 18014 | Lair:2   | Killed Gastronok
 18154 | Lair:2   | Found a staircase to the Swamp.
 18646 | Lair:2   | Reached XP level 13. HP: 62/80 MP: 5/29
 19104 | Lair:2   | Reached ***** piety under Vehumet
 19146 | Lair:2   | Offered knowledge of Fireball by Vehumet.
 19226 | Lair:2   | Noticed a five-headed hydra
 19233 | Lair:2   | Killed a five-headed hydra
 20171 | Lair:3   | Reached skill level 10 in Fighting
 20655 | Lair:3   | Found a hole to the Spider Nest.
 21929 | Lair:4   | Noticed a five-headed hydra
 21935 | Lair:4   | Killed a five-headed hydra
 23030 | Lair:5   | Noticed a four-headed hydra
 23035 | Lair:5   | Killed a four-headed hydra
 23035 | Lair:5   | Reached XP level 14. HP: 88/88 MP: 11/31
 23709 | Lair:5   | Found a staircase to the Slime Pits.
 23981 | Lair:6   | Entered Level 6 of the Lair of Beasts
 25565 | Lair:6   | Noticed a dire elephant
 25575 | Lair:6   | Killed a dire elephant
 25842 | Lair:6   | Noticed a dire elephant
 25855 | Lair:6   | Killed a dire elephant
 25858 | Lair:6   | Noticed a dire elephant
 25875 | Lair:6   | Killed a dire elephant
 26328 | Lair:6   | Noticed a dire elephant
 26337 | Lair:6   | Killed a dire elephant
 27179 | Lair:6   | Noticed a dire elephant
 27180 | Lair:6   | Noticed a dire elephant
 27193 | Lair:6   | Killed a dire elephant
 27197 | Lair:6   | Killed a dire elephant
 27301 | Lair:6   | Found the +6 Majin-Bo {vamp, MP+6 Int+6}
 27595 | Orc:1    | Entered Level 1 of the Orcish Mines
 27765 | Orc:1    | Found a transporter.
 27770 | Orc:1    | Noticed p0werm0de's ghost (journeyman GrFi)
 27793 | Orc:1    | Found a transporter.
 28394 | Orc:1    | Noticed Erolcha
 28408 | Orc:1    | Killed Erolcha
 28792 | Orc:2    | Entered Level 2 of the Orcish Mines
 28900 | Orc:2    | Reached skill level 15 in Ice Magic
 28900 | Orc:2    | Reached XP level 15. HP: 89/95 MP: 9/33
 29264 | Orc:2    | Found Focoticerr's Jewellery Shoppe.
 29264 | Orc:2    | Found Juudamn's Jewellery Shop.
 29265 | Orc:2    | Found Nuv Zebytz's Gadget Boutique.
 29265 | Orc:2    | Found Etec's Magic Scroll Shoppe.
 29793 | Orc:2    | Found a staircase to the Elven Halls.
 29817 | Orc:2    | Paralysed by an ogre mage for 5 turns
 29822 | Orc:2    | Reached skill level 15 in Spellcasting
 29990 | Orc:1    | Found Juxkekk's Armour Boutique.
 30243 | Orc:2    | Noticed Urug
 30247 | Orc:2    | Killed Urug
 30434 | Orc:2    | Found Jobruirgh's Antique Armour Shoppe.
 30439 | Orc:2    | Bought a warped cloak for 342 gold pieces
 30439 | Orc:2    | Identified the +0 cloak of Fonoruimuy {rPois rCorr Int+2}
                  | (You bought it in a shop on level 2 of the Orcish Mines)
 30930 | D:12     | Offered knowledge of Freezing Cloud by Vehumet.
 31953 | D:12     | HP: 1/96 [large slime creature (40)]
 31963 | D:12     | Slain by a slime creature

Illustrated notes

Levels and vault maps discovered:
D:1:      giann_bridges, layout_basic, minmay_box_of_dots
D:2:      layout_basic, eat_drink_and_be_merry_uskayaw,
          gammafunk_temple_overflow_statue, minmay_statues_item, uniq_jessica
D:3:      layout_loops_ring, elyvilon_altar_4
D:4:      layout_rooms, lemuel_round_altar, ebering_ghost_reflecting_pool,
          serial_shops, nicolae_shop_waterfront, uniq_robin
D:5:      layout_gridville, okawaru_metal_pillars_1_2,
          nicolae_qazlal_style_of_elements, kennysheep_generic_room_13,
          uniq_ijyb
D:6:      minmay_polygon_palace, layout_basic, minmay_temple_entry_large_hall,
          uniq_sigmund, uniq_prince_ribbit1
D:7:      layout_cave_pools, uniq_pikel, uniq_harold, uniq_maggie
D:8:      layout_loops_ring, lair_entry_dummy, serial_shops, shop,
          makhleb_altar_promises_db, uniq_maurice, uniq_joseph
D:9:      layout_roguey, xom_shifter_show, serial_shops, shop,
          minmay_quadrilaterals
D:10:     layout_basic, hiddenorc2_lemuel, uniq_psyche
D:11:     layout_long_grid, gauntlet_entry_generic
D:12:     four-leaf_vault, layout_irregular_city
Temple:   minmay_temple_curvy_branch
Lair:1:   layout_hall_layers, uniq_erica
Lair:2:   layout_regular_city, minmay_swamp_entry_worms, beast_lair_carwin_9,
          uniq_gastronok
Lair:3:   layout_misc_corridors, dummy_spider_entry, st_stairs_4,
          minmay_lair_oklob_chamber
Lair:4:   layout_regular_city
Lair:5:   layout_hall_layers, minmay_slime_entry_oklob_enclosed, serial_forest,
          infiniplex_forest_straight_3, infiniplex_forest_clump_medium,
          infiniplex_forest_clump_curved, infiniplex_forest_clump_tiny,
          infiniplex_forest_straight_4, infiniplex_forest_clump_double,
          infiniplex_forest_lined_2, infiniplex_forest_clump_medium,
          infiniplex_forest_corner_1, st_stairs_12
Lair:6:   due_jungle_book, layout_cave_pods
Orc:1:    minmay_goldmine, layout_diamond_mine, serial_shops, shop_statue,
          gammafunk_ghost_stat_death, uniq_erolcha
Orc:2:    st_orc_ogre_mass, layout_caves, serial_shops, nicolae_shop_trees,
          uniq_urug

Skill      XL: |  1  2  3  4  5  6  7  8  9 10 11 12 13 14 15 |
---------------+----------------------------------------------+-----
Fighting       | 1 2 3 4 6 8 9 10 11 12 | 12.0
Spellcasting   | 3 4 6 8 9 10 12 13 14 15 | 15.3
Ice Magic      | 5 6 7 8 9 11 12 13 15 | 15.5
Conjurations   | 1 2 3 |  3.0
Summonings     | 1 2 3 |  3.0
Shields        | 2 3 5 |  5.6
Dodging        | |  2.4
Stealth        | |  2.6

Action                   |  1- 3 |  4- 6 |  7- 9 | 10-12 | 13-15 || total
-------------------------+-------+-------+-------+-------+-------++-------
Melee: Dagger            |    10 |    11 |    69 |     4 |       ||    94
       Unarmed           |     3 |       |       |       |       ||     3
       Whip              |       |       |       |    78 |    26 ||   104
       Quarterstaff      |       |       |       |       |    12 ||    12
 Cast: Freeze            |    48 |    33 |    41 |    87 |   128 ||   337
       Frozen Ramparts   |       |     6 |    26 |    44 |    28 ||   104
       Summon Ice Beast  |       |     3 |    33 |    41 |    70 ||   147
       Hailstorm         |       |       |    60 |   143 |   270 ||   473
Evoke: Wand              |       |       |     4 |       |     5 ||     9
       Condenser vane    |       |       |       |       |     2 ||     2
  Use: Scroll            |       |       |    15 |    10 |     5 ||    30
 Stab: Sleeping          |     3 |     4 |       |       |       ||     7
       Paralysed         |       |       |     2 |       |       ||     2
       Distracted        |       |       |     1 |     1 |       ||     2
Armor: Robe              |     8 |     4 |    34 |    47 |    30 ||   123
Dodge: Dodged            |    43 |    27 |   103 |   102 |   139 ||   414
Block: Buckler           |       |       |     4 |    46 |    33 ||    83

Table legend: (Time is in decaauts)
 A = Elapsed time spent in this place.
 B = Non-inter-level travel time spent in this place.
 C = Inter-level travel time spent in this place.
 D = Time resting spent in this place.
 E = Time spent auto-exploring this place.
 F = Levels seen in this place.
 G = Mean time per level.
                   A        B        C        D        E       F      G
               +--------+--------+--------+--------+--------+-----+--------+
         Total |  31992 |  30765 |   1227 |   1076 |  26222 |  21 | 1523.4 |
       Dungeon |  16855 |  16267 |    588 |    290 |  13844 |  12 | 1404.6 |
        Temple |    262 |    238 |     24 |      0 |    231 |   1 |  262.0 |
          Lair |  11621 |  11102 |    519 |    543 |   9679 |   6 | 1936.8 |
  Orcish Mines |   3253 |   3158 |     95 |    243 |   2467 |   2 | 1626.5 |
               +--------+--------+--------+--------+--------+-----+--------+

Top non-repeatable levels by time:
  Lair:6: 3334 daAuts
     D:6: 2600 daAuts
  Lair:2: 2176 daAuts
    D:10: 2102 daAuts
     D:5: 1891 daAuts
  Lair:1: 1762 daAuts
   Orc:2: 1628 daAuts
   Orc:1: 1624 daAuts
  Lair:5: 1621 daAuts
     D:9: 1533 daAuts
  Lair:4: 1486 daAuts
     D:4: 1278 daAuts
    D:11: 1269 daAuts
  Lair:3: 1239 daAuts
     D:7: 1158 daAuts
